Map: Disco Bloodbath LE

Players

Cure - Winner!

  • Race: Terran Terran
  • League: Master
  • Spawn Location: 3:00

DPGPartinG (PartinG)

  • Race: Protoss Protoss
  • League: Master
  • Spawn Location: 9:00

Event: HomeStory Cup XX

VOD

Have the link to the VOD?

Description

Time

  • Played on: Nov. 23, 2019, 5:02 p.m.
  • Length: 5:10

All games in this series

Show
View Real Time Build Order
Export as new Build Order

Cure Terran - Winner!

Build Orders: Gas First Reaper Expand 

Get SALT Encoding   

  12  0:00  SCV  
  13  0:12  SCV  
  14  0:17  Supply Depot  
  14  0:25  SCV  
  14  0:27  Refinery  
  15  0:38  SCV  
  16  0:44  Barracks  
  16  0:50  SCV  
  17  1:02  SCV  
  18  1:14  SCV  
  19  1:30  Orbital Command  
  19  1:31  Reaper  
  20  1:42  Command Center  
  20  1:55  Factory  
  20  1:56  SCV  
  21  2:06  Barracks Reactor  
  21  2:09  SCV  
  21  2:12  Supply Depot  
  22  2:18  Refinery  
  22  2:21  SCV  
  23  2:34  SCV  
  24  2:41  Starport  
  24  2:45  Hellion x2  
  24  2:46  SCV  
  29  2:54  Orbital Command  
  29  2:58  SCV  
  30  3:06  Hellion  
  30  3:07  Hellion  
  30  3:11  Barracks Tech Lab  
  34  3:13  SCV  
  34  3:17  Medivac  
  37  3:21  SCV  
  37  3:26  Supply Depot, SCV  
  39  3:33  SCV  
  40  3:38  Marine  
  40  3:39  Marine, Cyclone  
  45  3:45  SCV  
  45  3:48  Starport Tech Lab, SCV  
  47  3:50  Supply Depot  
  47  3:56  Marine x2  
  47  3:58  SCV  
  47  4:00  SCV  
  51  4:11  Siege Tank  
  51  4:12  SCV x2  
  51  4:14  Marine x2  
  55  4:24  SCV x2  
  55  4:25  Supply Depot  
  55  4:32  Marine x2  
  55  4:34  Engineering Bay  
  53  4:42  SCV x2  
  51  4:50  Marine x2  
  53  4:54  SCV  
  54  5:01  Missile Turret  
  54  5:02  Missile Turret  
Show
View Real Time Build Order
Export as new Build Order

DPGPartinG Protoss 

Build Orders: 1 Gate Expand, Dark Templar Rush 

Get SALT Encoding   

  12  0:00  Probe  
  13  0:12  Probe  
  14  0:17  Pylon  
  14  0:24  Probe  
  14  0:27  Assimilator  
  15  0:33  Probe  
  15  0:41  Probe  
  15  0:42  Gateway  
  17  0:51  Probe  
  18  1:03  Probe  
  19  1:15  Probe  
  20  1:22  Nexus  
  20  1:31  Cybernetics Core  
  20  1:35  Probe  
  21  1:41  Assimilator  
  21  1:47  Probe  
  21  1:49  Pylon  
  22  1:58  Stalker  
  22  1:59  Probe  
  23  2:08  Warp Gate  
  25  2:13  Probe  
  25  2:15  Twilight Council  
  25  2:21  Probe  
  29  2:31  Probe x2  
  29  2:38  Robotics Facility  
  29  2:39  Probe  
  29  2:43  Probe  
  31  2:48  Probe  
  31  2:55  Probe  
  31  2:58  Dark Shrine  
  33  3:01  Probe  
  34  3:07  Gateway  
  34  3:09  Probe  
  35  3:13  Gateway  
  35  3:15  Warp Prism, Probe  
  36  3:21  Probe  
  37  3:29  Probe  
  37  3:33  Probe  
  41  3:34  Assimilator  
  41  3:42  Assimilator, Probe  
  41  3:44  Pylon, Observer  
  41  3:46  Probe  
  43  3:50  Pylon  
  43  3:54  Probe  
  45  4:00  Probe  
  46  4:05  Stalker  
  30  4:17  Dark Templar  
  30  4:18  Dark Templar  
  32  4:36  Dark Templar  
  29  4:40  Probe x2  
  29  4:49  Dark Templar  
  29  4:50  Probe  
  30  4:55  Probe  
Tags
 
Add a new tag
Caveats
  • Supply blocks, unpowered buildings, or Contaminate may cause inaccurate times.
  • Supply counts are checked every 10 seconds.